 Dungeon Crawl Stone Soup version 0.31-a0-920-g28cbb04a8c (webtiles) character file.

Game seed: 3501745919265193540

31 Azuregosa the Covert (level 3, -7/26 HPs)
             Began as an Octopode Delver on Oct 17, 2023.
             Was an Initiate of Ashenzari.
             Splashed by a jelly's acid (11 damage)
             ... on level 5 of the Dungeon.
             The game lasted 00:02:49 (185 turns).

Azuregosa the Covert (Octopode Delver)               Turns: 185, Time: 00:02:51

Health: -7/26      AC: -3    Str: 11    XL:     3   Next: 22%
Magic:  3/3        EV: 13    Int: 12    God:    Ashenzari [......]
Gold:   9          SH:  0    Dex: 15    Spells: 2/2 levels left

rFire   . . .        a - +0 hand axe
rCold   . . .        (no shield)
rNeg    . . .        (helmet restricted)
rPois   .            (no amulet)
rElec   .            (no ring)
rCorr   .            (no ring)
SInv    .            (no ring)
Will    .....        (no ring)
Stlth   +++++        (no ring)
HPRegen 0.24/turn    (no ring)
MPRegen 0.08/turn    (no ring)
                     (no ring)

%: no passive effects
@: marked, corroded
A: almost no armour, amphibious, 8 rings, camouflage 1, gelatinous body 1,
(nimble swimmer 1), tentacles
a: Renounce Religion


You were on level 5 of the Dungeon.
You worshipped Ashenzari.
Ashenzari was noncommittal.
You visited 1 branch of the dungeon, and saw 2 of its levels.

You collected 9 gold pieces.

Inventory:

Hand Weapons
 a - a +0 hand axe (weapon)
Armour
 g - an orb of guile
Wands
 f - a wand of digging (3)
Scrolls
 b - a scroll of fog
 c - a scroll of revelation
 d - a scroll of fear
 i - a scroll of enchant armour {unknown}
Potions
 e - a potion of haste
 h - 2 potions of resistance {unknown}


   Skills:
 - Level 3.0 Fighting
 - Level 2.0 Axes
 - Level 2.0 Dodging
 + Level 8.0 Stealth


You had 2 spell levels left.
You didn't know any spells.
Your spell library was empty.

Dungeon Overview and Level Annotations

Branches:
Dungeon (6/15)
 Temple: D:4-7

Altars:
Ashenzari


Innate Abilities, Weirdness & Mutations

You cannot wear most types of armour.
You are amphibious.
You can wear up to eight rings at the same time.
Your skin changes colour to match your surroundings (Stealth+).
Your rubbery body absorbs attacks. (AC +1, EV +1)
((You are camouflaged when in or above water. (Stealth+)))
You have tentacles for arms and can constrict up to eight enemies at once.


Message History

You resist with significant effort.
You climb upwards.
There is a stone staircase leading down here.
You hit the kobold.
You kill the kobold!
You hit the kobold but do no damage.
The jelly quivers.
The kobold hits you with a +0 short sword.
You hit the kobold.
You kill the kobold!
The hound barks!
The hound attacks as it pursues you! The hound barely misses you.
You hit the hound but do no damage. Your grab misses the hound.
The hound closely misses you. The hound bites you but does no damage.
You hit the hound. Your grab misses the hound. You squeeze the hound.
The hound is moderately wounded.
The hound bites you. x2
You hit the hound but do no damage. Your grab misses the hound.
You squeeze the hound.
The hound is heavily wounded.
The hound closely misses you. x2
You slash the hound! Your grab misses the hound. You squeeze the hound.
You kill the hound!
Your Stealth skill gained 2 levels and is now at level 8!
You have reached level 2!
You have reached level 3!
Your experience leads to an increase in your attributes!
Increase (S)trength, (I)ntelligence, or (D)exterity?
You feel agile. x2
You hit the jelly.
Your tentacles burn!
You squeeze the jelly.
The jelly is moderately wounded.
The jelly closely misses you.
You slash the jelly!
Your tentacles burn!
You squeeze the jelly.
The jelly is severely wounded.
The jelly hits you. The acid corrodes you!
You are splashed with acid!
* * * LOW HITPOINT WARNING * * *
The jelly hits you.
* * * LOW HITPOINT WARNING * * *
You are splashed with acid!
You die...

#... #######
###...##..##.##
..............#
..............#
.(.....)......#
......)>......#
..............###
.##+######....J.#
#..###@##
#....##..# ####
##########.# #
s#.###s#s#s.###.#
#.#.#s#syB#sss#.#.#
##.s##ss##w#y#s##.#
#################.#
..................#
........_.........#


You could see a jelly.

Vanquished Creatures
  A hound (D:5)
  2 kobolds (D:5)
3 creatures vanquished.

Notes
Turn   | Place    | Note
-------+----------+-------------------------------------------
     0 | D:5      | Azuregosa the Octopode Delver began the quest for the Orb.
     0 | D:5      | Reached XP level 1. HP: 16/16 MP: 1/1
     1 | D:6      | Noticed a centaur
    12 | D:5      | Noticed a sleepcap
   116 | D:5      | Found a broken altar of Ashenzari.
   120 | D:5      | Saw a vision of the Swamp and the Spider Nest.
   120 | D:5      | Noticed a jumping spider
   120 | D:5      | Noticed an entropy weaver
   120 | D:5      | Noticed a pharaoh ant
   120 | D:5      | Noticed a jumping spider
   120 | D:5      | Noticed a redback
   120 | D:5      | Noticed a redback
   120 | D:5      | Noticed a steelbarb worm
   120 | D:5      | Noticed a moth of wrath
   120 | D:5      | Noticed a spriggan rider
   120 | D:5      | Noticed a spriggan druid
   120 | D:5      | Noticed an eleionoma
   120 | D:5      | Noticed a tyrant leech
   120 | D:5      | Noticed a spriggan rider
   120 | D:5      | Noticed an emperor scorpion
   121 | D:5      | Noticed a wolf spider
   121 | D:5      | Noticed a moth of wrath
   121 | D:5      | Noticed a culicivora
   121 | D:5      | Noticed a bog body
   121 | D:5      | Noticed a redback
   122 | D:5      | Noticed a wolf spider
   123 | D:5      | Noticed a radroach
   140 | D:5      | Became a worshipper of Ashenzari the Shackled
   159 | D:5      | Noticed a hound
   165 | D:5      | Noticed a jelly
   167 | D:6      | Noticed a kobold brigand
   167 | D:6      | Noticed an orc wizard
   167 | D:6      | Noticed a black bear
   183 | D:5      | Killed a hound
   184 | D:5      | Reached skill level 8 in Stealth
   184 | D:5      | Reached XP level 2. HP: 16/21 MP: 2/2
   184 | D:5      | Reached XP level 3. HP: 20/26 MP: 3/3
   185 | D:5      | Splashed by a jelly's acid

Illustrated notes

Levels and vault maps discovered:
D:5:      layout_gridville, tgw_sif, grunt_ashenzari_visionary
          [grunt_ashenzari_visionary_swamp, grunt_ashenzari_visionary_spider],
          grunt_decor_clamped, uniq_grinder, uniq_duvessa
D:6:      old_forge, layout_cave_pools

Skill      XL: |  1 |
---------------+----+-----
Stealth        | 8 |  8.0
Fighting       | |  3.0
Axes           | |  2.0
Dodging        | |  2.0

Action                     || total
---------------------------++-------
  Melee: Hand axe          ||     8
         Tentacles         ||     5
 Armour: Skin              ||     6
  Dodge: Dodged            ||     6

Table legend: (Time is in decaauts)
 A = Elapsed time spent in this place.
 B = Non-inter-level travel time spent in this place.
 C = Inter-level travel time spent in this place.
 D = Time resting spent in this place.
 E = Time spent auto-exploring this place.
 F = Levels seen in this place.
 G = Mean time per level.
                   A        B        C        D        E       F      G
               +--------+--------+--------+--------+--------+-----+--------+
         Total |    187 |    187 |      0 |      0 |     23 |   2 |   93.5 |
       Dungeon |    187 |    187 |      0 |      0 |     23 |   2 |   93.5 |
               +--------+--------+--------+--------+--------+-----+--------+

Top non-repeatable levels by time:
     D:5: 103 daAuts
     D:6: 83 daAuts
